 Dungeon Crawl Stone Soup version 0.31.0-11-ge490571c62 (webtiles) character file.

Game seed: 745389543240023214

331 qw the Skirmisher (level 6, -1/36 HPs)
             Began as a Deep Elf Hunter on Feb 3, 2024.
             Was a Follower of Okawaru.
             Slain by a goblin
             ... wielding a +0 dagger
             ... led by Robin
              (3 damage)
             ... on level 4 of the Dungeon.
             The game lasted 00:00:09 (2882 turns).

qw the Skirmisher (Deep Elf Hunter)                 Turns: 2882, Time: 00:00:10

Health: -1/36      AC:  6    Str: 10    XL:     6   Next: 26%
Magic:  9/9        EV: 11    Int: 14    God:    Okawaru [*.....]
Gold:   131        SH:  0    Dex: 18    Spells: 5/5 levels left

rFire   . . .        c - +4 arbalest (elec)
rCold   . . .        (shield currently unavailable)
rNeg    . . .        f - +1 ring mail
rPois   .            (no helmet)
rElec   .            (no cloak)
rCorr   .            (no gloves)
SInv    .            (no boots)
Will    .....        (no amulet)
Stlth   +            (no ring)
HPRegen 0.26/turn    (no ring)
MPRegen 0.11/turn

%: no passive effects
@: no status effects
A: no striking features
a: Renounce Religion, Heroism


You were on level 4 of the Dungeon.
You worshipped Okawaru.
Okawaru was aware of your devotion.
You visited 1 branch of the dungeon, and saw 4 of its levels.

You collected 131 gold pieces.


   Skills:
 - Level 2.7 Fighting
 + Level 9.0 Ranged Weapons
 - Level 2.4 Dodging
 - Level 1.2 Stealth
 + Level 1.5 Invocations


You had 5 spell levels left.
You didn't know any spells.
Your spell library was empty.

Inventory:

Hand Weapons
 c - a +4 arbalest of electrocution (weapon)
Armour
 f - a +1 ring mail (worn)
Scrolls
 e - a scroll of fog {unknown}
Potions
 a - 2 potions of curing {unknown}
 b - a potion of might {unknown}
 d - a potion of haste {unknown}
 g - a potion of lignification {unknown}
 h - 2 potions of heal wounds {unknown}
 i - a potion of enlightenment {unknown}

Dungeon Overview and Level Annotations

Branches:
Dungeon (4/15)
 Temple: D:4-7

Altars:
Okawaru

Annotations:
D:4 Robin


Message History

The goblin barely misses you. The hobgoblin closely misses you.
The hobgoblin misses you. Robin throws the goblin at you!
The goblin hits you with a +0 dagger. The goblin barely misses you.
The goblin closely misses you.
The hobgoblin hits you but does no damage.
The goblin hits you but does no damage. The hobgoblin closely misses you.
You shoot a bolt. The bolt hits the goblin!
You kill the goblin!
Okawaru accepts your kill.
The goblin no longer looks unusually strong.
The goblin closely misses you. The goblin hits you but does no damage.
The hobgoblin closely misses you.
The hobgoblin hits you but does no damage.
Robin roars a battlecry!
The goblins go into a battle-frenzy!
The goblin hits you but does no damage. The goblin hits you with a +0 dagger.
The hobgoblin barely misses you. The hobgoblin hits you.
Robin hits you but does no damage.
You shoot a bolt. The bolt barely misses the goblin.
The goblin no longer looks unusually strong. x2
The goblin closely misses you. The hobgoblin barely misses you.
The goblin barely misses you. The hobgoblin hits you.
Robin hits you from afar with a +0 spear.
You shoot a bolt. The bolt hits the goblin!
You kill the goblin!
Okawaru accepts your kill.
The hobgoblin no longer looks unusually strong.
The goblin hits you but does no damage. The hobgoblin hits you.
Robin roars a battlecry!
The goblins go into a battle-frenzy!
Robin throws the goblin at you! The hobgoblin barely misses you.
The goblin closely misses you.
The hobgoblin hits you but does no damage.
The goblin unwields a +0 sling.
The goblin wields a +0 dagger.
The goblin hits you but does no damage.
You shoot a bolt. The bolt barely misses the goblin.
The goblin hits you but does no damage. The hobgoblin hits you.
The hobgoblin hits you but does no damage.
Robin barely misses you. The goblin hits you with a +0 dagger.
You die...

..# ###..........##...#
..## #..........#......#
...##............#...###
......####..........##
....## ##.......#..#
...## ###.......##.##
...####.........##.#
...#...###.....##g.#
.....### ##....g@g##
.#.### ##..#g)## ...#
#..##g.# .#..# .###.#
##...# ## #.) ##...# #..
.... #%. #.... ....


You could see Robin, 2 hobgoblins and 2 goblins.

Vanquished Creatures
  An ogre (D:4)
  An orc priest (D:3)
  A bombardier beetle (D:3)
  Terence (D:3)
  Jessica (D:3)
  4 adders
  A ribbon worm (D:4)
  A dart slug (D:2)
  12 orcs
  7 endoplasms
  A giant cockroach (D:3)
  14 goblins
  9 hobgoblins
  3 jackals (D:4)
  5 kobolds
  A quokka (D:2)
  2 ball pythons (D:4)
  5 bats
  A frilled lizard (D:1)
  A rat (D:3)
72 creatures vanquished.

Notes
Turn   | Place    | Note
-------+----------+-------------------------------------------
     0 | D:1      | qw the Deep Elf Hunter began the quest for the Orb.
     0 | D:1      | Reached XP level 1. HP: 12/12 MP: 3/3
     0 | D:1      | 0 ||| qw: Version: 0.3-a-158-g18b3111
     0 | D:1      | 0 ||| qw: Game counter: 4193
     0 | D:1      | 0 ||| qw: Melee chars always use a shield: true
     0 | D:1      | 0 ||| qw: God list: Okawaru
     0 | D:1      | 0 ||| qw: Allow faded altars: false
     0 | D:1      | 0 ||| qw: Do Orc after clearing Dungeon:15 true
     0 | D:1      | 0 ||| qw: Do second Lair branch before Depths: true
     0 | D:1      | 0 ||| qw: Lair rune preference: random
     0 | D:1      | 0 ||| qw: Goals: Normal
     0 | D:1      | 0 ||| PLANNING D:1-11
   140 | D:1      | Reached XP level 2. HP: 16/16 MP: 4/4
   191 | D:1      | Reached skill level 6 in Ranged Weapons
   239 | D:1      | Found a faded altar of an unknown god.
   822 | D:1      | 822 ||| READING scroll labelled RICWUA JULAFI.
   822 | D:1      | 822 ||| IDENTIFYING viscous golden potion
   823 | D:1      | 823 ||| READING 2 scrolls labelled MOLIB DYEGICSE.
   823 | D:1      | 823 ||| ENCHANTING +0 shortbow.
   824 | D:1      | 824 ||| READING scroll labelled GAACIN QEIPA.
   824 | D:1      | 824 ||| ENCHANTING +0 shortbow.
   825 | D:1      | 825 ||| DROPPING scroll of butterflies.
   826 | D:1      | 826 ||| DROPPING potion of attraction.
   939 | D:2      | Reached XP level 3. HP: 20/20 MP: 5/5
  1206 | D:2      | Found an iron altar of Okawaru.
  1207 | D:2      | 1207 ||| PLANNING OKAWARU WORSHIP
  1207 | D:2      | 1207 ||| UPGRADING to +0 ring mail.
  1217 | D:2      | 1217 ||| DROPPING +0 leather armour.
  1218 | D:2      | 1218 ||| READING scroll of enchant armour.
  1218 | D:2      | 1218 ||| ENCHANTING +0 ring mail.
  1219 | D:2      | 1219 ||| READING scroll labelled WAOPHI SAOQARE.
  1220 | D:2      | 1220 ||| READING scroll labelled MEN DEAGADIH.
  1220 | D:2      | Identified a scroll of acquirement
  1220 | D:2      | 1220 ||| ACQUIRING +4 arbalest of electrocution
  1220 | D:2      | Acquired a +4 arbalest of electrocution
  1224 | D:2      | Reached skill level 7 in Ranged Weapons
  1231 | D:2      | Became a worshipper of Warmaster Okawaru
  1232 | D:2      | 1232 ||| PLANNING D:1-11
  1247 | D:2      | 1247 ||| SWAPPING to +4 arbalest of electrocution.
  1248 | D:2      | 1248 ||| DROPPING +1 shortbow.
  1342 | D:3      | Reached XP level 4. HP: 25/25 MP: 6/6
  1345 | D:3      | 1345 ||| STAIRDANCE
  1486 | D:3      | Reached skill level 8 in Ranged Weapons
  1721 | D:3      | Noticed Jessica
  1722 | D:3      | Killed Jessica
  1723 | D:3      | Reached XP level 5. HP: 17/29 MP: 7/7
  1725 | D:3      | 1725 ||| FLEEEEING.
  1730 | D:3      | 1730 ||| FLEEEEING.
  1731 | D:3      | 1731 ||| FLEEEEING.
  1732 | D:3      | 1732 ||| FLEEEEING.
  1733 | D:3      | 1733 ||| FLEEEEING.
  1734 | D:3      | 1734 ||| FLEEEEING.
  1735 | D:3      | 1735 ||| FLEEEEING.
  1736 | D:3      | 1736 ||| FLEEEEING.
  1737 | D:3      | 1737 ||| FLEEEEING.
  1738 | D:3      | 1738 ||| FLEEEEING.
  1739 | D:3      | 1739 ||| FLEEEEING.
  1740 | D:3      | 1740 ||| FLEEEEING.
  1741 | D:3      | 1741 ||| FLEEEEING.
  1743 | D:3      | 1743 ||| FLEEEEING.
  1744 | D:3      | 1744 ||| FLEEEEING.
  1745 | D:3      | 1745 ||| FLEEEEING.
  1746 | D:3      | 1746 ||| FLEEEEING.
  1747 | D:3      | 1747 ||| FLEEEEING.
  1748 | D:3      | 1748 ||| FLEEEEING.
  1749 | D:3      | 1749 ||| FLEEEEING.
  1750 | D:3      | 1750 ||| FLEEEEING.
  1751 | D:3      | 1751 ||| FLEEEEING.
  1752 | D:3      | 1752 ||| FLEEEEING.
  1753 | D:3      | 1753 ||| FLEEEEING.
  1754 | D:3      | 1754 ||| FLEEEEING.
  1755 | D:3      | 1755 ||| STAIRDANCE
  1770 | D:2      | 1770 ||| READING scroll labelled XIAR VEUTZE.
  1892 | D:3      | Noticed Terence
  1895 | D:3      | Killed Terence
  1895 | D:3      | Reached * piety under Okawaru
  1972 | D:3      | Reached skill level 9 in Ranged Weapons
  1972 | D:3      | Reached skill level 1 in Invocations
  2551 | D:4      | Identified the +9 dagger of Indomitability {drain, Fly}
  2822 | D:4      | Noticed an ogre
  2823 | D:4      | 2823 ||| INVOKING Heroism.
  2826 | D:4      | Killed an ogre
  2827 | D:4      | Reached XP level 6. HP: 36/36 MP: 6/9
  2869 | D:4      | Noticed Robin
  2880 | D:4      | HP: 5/36 [hobgoblin[Robin] (6)]
  2882 | D:4      | HP: 2/36 [hobgoblin[Robin] (2)]
  2882 | D:4      | Slain by a goblin

Levels and vault maps discovered:
D:1:      dpeg_arrival_another_circle, layout_basic,
          hellmonk_ecumenical_altar_heavens_door, kennysheep_another_room
D:2:      layout_basic, basic_altar, nicolae_houndstooth_variations
D:3:      layout_loops_ring, uniq_terence, uniq_crazy_yiuf_cottage, uniq_jessica
D:4:      layout_layer_cave, minmay_pentangle, uniq_blork_the_orc, uniq_robin,
          uniq_ijyb

Skill      XL: |  1  2  3  4  5 |
---------------+----------------+-----
Ranged Weapons | 6 7 8 9 |  9.0
Invocations    | 1 |  1.5
Fighting       | 2 |  2.7
Dodging        | |  2.4
Stealth        | |  1.2

Action                     |  1- 3 |  4- 6 || total
---------------------------+-------+-------++-------
   Fire: Shortbow          |    56 |       ||    56
         Arbalest          |     6 |    66 ||    72
 Invoke: Heroism           |       |     1 ||     1
    Use: Scroll            |     6 |     1 ||     7
 Armour: Leather armour    |     7 |       ||     7
         Ring mail         |       |    40 ||    40
  Dodge: Dodged            |     8 |    33 ||    41

Table legend:
 A = Non-vault XP
 B = Vault XP
 C = Vault XP percentage of total XP
 D = Non-vault monster count
 E = Vault monster count
 F = Vault count percentage of total count
                 A         B        C        D         E       F
            +---------+---------+-------+---------+---------+-------
      Total |     376 |      97 |  20.5 |      58 |      14 |  19.4
            +---------+---------+-------+---------+---------+-------
        D:1 |      24 |       0 |   0.0 |      13 |       0 |   0.0
        D:2 |      42 |       0 |   0.0 |      14 |       0 |   0.0
        D:3 |     164 |      75 |  31.4 |      21 |       2 |   8.7
        D:4 |     146 |      22 |  13.1 |      10 |      12 |  54.5
            +---------+---------+-------+---------+---------+-------
